 Dungeon Crawl Stone Soup version 0.21.0-3-g78d12a8 (webtiles) character file.

163213 HungrySpirit the Fencer (level 17, -8/95 HPs)
             Began as a Vine Stalker Arcane Marksman on Jan 8, 2018.
             Was the Champion of Okawaru.
             Shot with an arrow by Vashnia (22 damage)
             ... on level 4 of the Snake Pit.
             The game lasted 01:53:55 (33369 turns).

HungrySpirit the Fencer (VSAM)                     Turns: 33369, Time: 01:53:55

Health: -8/95      AC: 10    Str: 22    XL:     17   Next: 82%
Magic:  0/23       EV: 31    Int: 13    God:    Okawaru [******]
Gold:   805        SH:  8    Dex: 26    Spells: 10/18 levels left

rFire    + + .     SeeInvis +   Q - +0 double sword (holy)
rCold    + + +     Gourm    .   y - +0 buckler of Tosch {-Tele rElec rC++ rN+}
rNeg     + + .     Faith    +   B - +1 robe "Kuas Oza" {rPois Str+3}
rPois    +         Spirit   +   w - +0 hat {SInv}
rElec    +         Reflect  .   o - +2 cloak "Nait" {Str+3 Slay+3}
rCorr    .         Harm     .   a - +1 pair of gloves {Str+3}
MR       ++++.     NoTele   +   z - +0 pair of boots of Jeaxog {rF+ Dex+4}
Stlth    ++++......             r - amulet of Greed {Faith rElec rF+ rN+ MR++}
HPRegen  1.05/turn              c - +3 ring of slaying
MPRegen  0.18/turn              N - ring of protection from cold

@: lethally poisoned (-8 -> -8), heroism, finesse, hasted, very quick
A: fangs 3, regeneration 2, magic shield, antimagic bite, no potion heal 3, rot
immunity
a: Heroism, Finesse, Renounce Religion


You were on level 4 of the Snake Pit.
You worshipped Okawaru.
Okawaru was exalted by your worship.
You were not hungry.

You visited 5 branches of the dungeon, and saw 28 of its levels.
You visited 1 bazaar.
You also visited: Labyrinth, Ice Cave and Volcano.

You collected 3148 gold pieces.
You spent 2343 gold pieces at shops.

Inventory:

Hand Weapons
 O - a +2 great sword of flaming
 Q - a +0 double sword of holy wrath (weapon)
 W - a +1 scimitar of flaming
 Z - a +1 triple sword of electrocution
Missiles
 d - 3 throwing nets (quivered)
Armour
 a - a +1 pair of gloves of strength (worn)
 o - the +2 cloak "Nait" (worn) {Str+3 Slay+3}
   (You bought it in a shop on level 2 of the Orcish Mines)

   It affects your strength (+3).
   It affects your accuracy and damage with ranged weapons and melee attacks
   (+3).
 w - a +0 hat of see invisible (worn)
 y - the +0 buckler of Tosch (worn) {-Tele rElec rC++ rN+}
   (You bought it in a shop in a bazaar)

   It greatly protects you from cold.
   It insulates you from electricity.
   It protects you from negative energy.
   It prevents most forms of teleportation.
 z - the +0 pair of boots of Jeaxog (worn) {rF+ Dex+4}
   (Okawaru gifted it to you on level 11 of the Dungeon)

   It affects your dexterity (+4).
   It protects you from fire.
 B - the +1 robe "Kuas Oza" (worn) {rPois Str+3}
   (You found it on level 12 of the Dungeon)

   It affects your strength (+3).
   It protects you from poison.
 U - a +1 cloak of poison resistance
Jewellery
 c - a +3 ring of slaying (left hand)
 e - an uncursed ring of fire
 k - an uncursed ring of flight
 r - the amulet of Greed (around neck) {Faith rElec rF+ rN+ MR++}
   (You bought it in a shop on level 2 of the Orcish Mines)

   [amulet of faith]

   It allows you to gain divine favour quickly.
   It protects you from fire.
   It insulates you from electricity.
   It protects you from negative energy.
   It affects your resistance to hostile enchantments.
 A - an uncursed ring of fire
 N - a ring of protection from cold (right hand)
 P - an uncursed ring of protection from fire
 V - an uncursed ring of protection from magic
Wands
 n - a wand of scattershot (6)
 H - a wand of iceblast (14)
 I - a wand of acid (42)
 S - a wand of flame (25)
Scrolls
 b - 7 scrolls of enchant weapon
 g - 3 scrolls of enchant armour
 i - 19 scrolls of teleportation
 j - a scroll of magic mapping
 p - 5 scrolls of blinking
 q - 2 scrolls of fog
 t - 3 scrolls of holy word
 x - a scroll of identify
 E - a scroll of fear
 J - 3 scrolls of amnesia
 R - 5 scrolls of remove curse
 Y - a scroll of brand weapon {unknown}
Potions
 h - 9 potions of cancellation
 l - 2 potions of magic
 m - 14 potions of curing
 s - 3 potions of might
 u - 6 potions of lignification
 C - 4 potions of resistance
 D - 5 potions of haste
 F - a potion of flight
 G - a potion of mutation {unknown}
 K - 2 potions of ambrosia
 L - 2 potions of brilliance
Comestibles
 f - 44 rations


   Skills:
 + Level 13.2(18.2) Fighting
   Level 7.0(18.0) Short Blades
 * Level 16.7(22.1) Long Blades
   Level 1.7(6.7) Crossbows
 + Level 12.3(17.3) Dodging
 - Level 5.1(10.1) Shields
 - Level 1.1 Spellcasting
 + Level 7.7 Hexes
 + Level 7.0 Charms
 - Level 7.1 Invocations


You had 10 spell levels left.
You knew the following spells:

 Your Spells              Type           Power        Failure   Level  Hunger
a - Apportation           Tloc           #.....       28%         1    ##.....
b - Blink                 Tloc           N/A          38%         2    ###....
c - Shroud of Golubria    Chrm/Tloc      #.........   10%         2    ###....
d - Spectral Weapon       Hex/Chrm       ###.....     4%          3    ####...


Dungeon Overview and Level Annotations

Branches:
Dungeon (15/15)            Temple (1/1) D:4            Lair (6/6) D:9
 Shoals (0/4) Lair:3        Snake (4/4) Lair:4        Slime (0/5) Lair:5
    Orc (2/2) D:11            Elf (0/3) Orc:2        Vaults (0/5) D:14
 Depths (0/5) D:15

Altars:
Ashenzari
Cheibriados
Dithmenos
Elyvilon
Fedhas
Gozag
Hepliaklqana
Kikubaaqudgha
Makhleb
Nemelex Xobeh
Okawaru
Qazlal
Ru
Sif Muna
Trog
Uskayaw
Vehumet
Wu Jian
Xom
Yredelemnul
Zin
The Shining One
Beogh
Jiyva

Shops:
D:5 !   D:7 (   D:8 *   D:9 :   D:11 *   D:13 =   Orc:2 =(*[

Annotations:
D:3 Aviak's ghost, amateur DsNe
Snake:1 exclusion: Roxanne, Roxanne
Snake:4 Vashnia


Innate Abilities, Weirdness & Mutations

You have razor-sharp teeth.
You heal very quickly.
When hurt, damage is shared between your health and your magic reserves.
Your bite disrupts and absorbs the magic of your enemies.
Potions cannot restore your health.
You are immune to rotting.


Message History

Unknown command.
You hit Vashnia but do no damage. Your bite misses Vashnia.
Vashnia is heavily wounded.
Unknown command.
You slice Vashnia!! You bite Vashnia, but do no damage.
Vashnia is severely wounded.
Vashnia shoots an arrow.
The arrow hits you!! The arrow freezes you.
* * * LOW HITPOINT WARNING * * *
Unknown command.
You cannot blink because you are wearing the +0 buckler of Tosch {-Tele rElec rC++ rN+}.
You feel sick.
The naga sharpshooter mumbles some strange words.
The naga sharpshooter magically shoots a bolt.
The bolt hits you!!
* * * LOW HITPOINT WARNING * * *
Things that are here:
2 bolts; a club You cannot blink because you are wearing the +0 buckler of Tosch {-Tele rElec rC++ rN+}.
You feel yourself speed up.
Vashnia shoots an arrow.
The arrow hits you!!
You die...

............# #.# .N
...........N####.# ..
.........N.N(##.#
.###############N#(##
.#.............#.)##
.#.)...........#.###
.#.............#N(.#
.#.....#######.#(..#
.#....)))....###@.##
.#.....#).....##(.#
.#.....#......##.##
.#.....#......##.#
.#.....#......#+.#
.#.....#......##.#
.#.....#########.#
.#.............#.#
.##........#...#.#


You could see Vashnia, a naga warrior and 2 naga sharpshooters.

Vanquished Creatures
  The ghost of BadBadger the Eternal Night, an adept GnWr of Dithmenos (Snake:2)
  Gastronok (Lair:1)
  3 nagarajas
  A fire giant (D:13)
  The ghost of hilaritas the Peltast, an adept HaFi of Zin (D:14)
  A frost giant (IceCv)
  Aizul (Snake:3)
  An orc warlord (Orc:2)
  The ghost of Daviar the Protected, a journeyman HaFi of Uskayaw (D:14)
  A stone giant (Orc:1)
  Azrael (Snake:2)
  An ettin (D:13)
  A minotaur (Lab)
  A fire dragon (D:15)
  A yaktaur captain (D:13)
  5 naga warriors
  An ice dragon (D:15)
  3 hydras
  4 vault guards (D:14)
  Erica (Lair:1)
  8 anacondas
  Harold (Lair:1)
  A death knight (D:14)
  6 centaur warriors
  A catoblepas (D:13)
  4 two-headed ogres
  A merfolk avatar (Lair:6)
  5 death yaks
  5 orc high priests
  An ogre mage (D:13)
  9 naga sharpshooters
  3 shock serpents
  The ghost of Ignatius881 the Cleaver, a novice MiBe of Trog (D:7)
  3 salamander mystics
  A hell knight (Volcano)
  10 sea snakes
  2 unseen horrors
  6 orc knights
  4 naga ritualists
  9 mana vipers
  4 deep elf magi
  8 orc sorcerers
  2 wolf spider zombies
  10 salamanders
  5 cyclopes
  9 ugly things
  3 manticores
  11 elephants
  A guardian serpent (Snake:1)
  A centaur zombie (D:13)
  26 black mambas
  A torpor snail (Lair:2)
  10 spiny frogs
  8 naga magi
  3 centaur skeletons
  An ice statue (IceCv)
  16 rime drakes
  A yaktaur (Volcano)
  10 komodo dragons
  A jumping spider (shapeshifter) (D:15)
  16 polar bears
  Prince Ribbit (D:7)
  6 trolls
  4 hornets
  8 blink frogs
  14 hippogriffs
  A meliai zombie (D:15)
  9 wyverns
  6 basilisks
  2 vampires
  A fire elemental (Snake:2)
  66 yaks
  2 hungry ghosts
  3 wraiths
  4 hogs (D:8)
  The ghost of Brandom the Grave Robber, an amateur DDNe (D:4)
  A human (D:8)
  9 vampire mosquitoes
  Menkaure (D:4)
  4 wargs (Orc:1)
  A soldier ant (D:13)
  An acid dragon (D:15)
  20 nagas
  7 porcupines
  5 hell hounds
  13 water moccasins
  4 sky beasts
  4 ice beasts
  38 orc warriors
  An eye of draining (D:13)
  2 phantoms
  A necrophage (D:6)
  34 wolves
  7 ogres
  15 crocodiles
  16 centaurs
  A big kobold (D:11)
  15 bullfrogs
  A gnoll sergeant (D:6)
  A wyvern skeleton (D:13)
  A water moccasin skeleton (D:5)
  6 scorpions
  16 killer bees
  19 wights
  9 electric eels
  8 howler monkeys
  5 crimson imps
  6 hounds
  A jelly (D:15)
  27 orc priests
  3 bullfrog zombies
  A gnoll shaman (D:7)
  2 bullfrog skeletons
  6 iguanas
  34 orc wizards
  15 worker ants
  A killer bee zombie (D:9)
  A hound skeleton (D:10)
  20 gnolls
  16 adders
  5 shadow imps
  12 white imps (D:13)
  An ooze (D:3)
  An adder skeleton (D:9)
  2 worms
  A dart slug (D:5)
  4 leopard geckos
  106 orcs
  3 ball pythons
  9 bats
  7 giant cockroaches
  7 goblins
  6 hobgoblins
  20 jackals
  4 quokkas
  4 frilled lizards
  6 kobolds
  A leopard gecko skeleton (D:7)
  A quokka skeleton (D:7)
  12 rats
998 creatures vanquished.

Vanquished Creatures (others)
  2 orcs
  A bush (Lair:3)
  21 fungi
  19 plants
43 creatures vanquished.

Grand Total: 1041 creatures vanquished

Notes
Turn   | Place    | Note
-------+----------+-------------------------------------------
     0 | D:1      | HungrySpirit the Vine Stalker Arcane Marksman began the quest for the Orb.
     0 | D:1      | Reached XP level 1. HP: 9/9 MP: 3/3
     5 | D:1      | Reached skill level 1 in Fighting
   134 | D:1      | Reached XP level 2. HP: 14/14 MP: 4/4
   579 | D:1      | Reached XP level 3. HP: 17/18 MP: 5/5
   752 | D:2      | Reached skill level 1 in Short Blades
  1691 | D:2      | Gained mutation: Your natural rate of healing is unusually fast. [Vine Stalker growth]
  1691 | D:2      | Reached XP level 4. HP: 21/23 MP: 6/6
  2085 | D:2      | Found a radiant altar of Vehumet.
  2166 | D:3      | Noticed Aviak's ghost (amateur DsNe)
  2545 | D:3      | Reached XP level 5. HP: 27/27 MP: 7/7
  3953 | D:4      | Noticed Brandom's ghost (amateur DDNe)
  4083 | D:4      | Noticed Menkaure
  4389 | D:4      | Killed Brandom's ghost
  4389 | D:4      | Reached XP level 6. HP: 24/32 MP: 4/8
  4424 | D:4      | Killed Menkaure
  4424 | D:4      | Reached XP level 7. HP: 12/36 MP: 2/9
  4495 | D:4      | Found a staircase to the Ecumenical Temple.
  4599 | Temple   | Entered the Ecumenical Temple
  4681 | Temple   | Became a worshipper of Warmaster Okawaru
  4815 | D:4      | Found a white marble altar of Elyvilon.
  5106 | D:5      | Entered Level 5 of the Dungeon
  5300 | D:5      | Found a glowing golden altar of the Shining One.
  5514 | D:4      | Reached skill level 5 in Short Blades
  5608 | D:5      | Reached * piety under Okawaru
  5608 | D:5      | Gained mutation: You have razor-sharp teeth. [Vine Stalker growth]
  5608 | D:5      | Reached XP level 8. HP: 40/42 MP: 6/10
  5878 | D:5      | Found Eddysy's Distillery.
  5881 | D:5      | Bought a potion of agility for 60 gold pieces
  5881 | D:5      | Bought a potion of lignification for 45 gold pieces
  5881 | D:5      | Bought a potion of degeneration for 15 gold pieces
  5881 | D:5      | Bought a potion of flight for 45 gold pieces
  5949 | D:5      | Found a sparkling altar of Nemelex Xobeh.
  5949 | D:5      | Found an opulent altar of Gozag.
  6301 | D:6      | Found a deep blue altar of Sif Muna.
  6631 | D:6      | Reached skill level 5 in Fighting
  6780 | D:6      | Reached XP level 9. HP: 38/47 MP: 11/11
  6923 | D:6      | Identified the Reference Book on Poisonous Dislocation
  6933 | D:6      | Reached ** piety under Okawaru
  7009 | D:6      | Reached skill level 1 in Long Blades
  7140 | D:6      | Reached skill level 2 in Long Blades
  7140 | D:6      | Reached skill level 5 in Dodging
  7432 | D:7      | Found a glowing silver altar of Zin.
  7432 | D:7      | Found a shattered altar of Ashenzari.
  7454 | D:7      | Reached skill level 3 in Long Blades
  7572 | D:7      | Found Wacesein's Weapon Emporium.
  7624 | D:7      | Noticed Ignatius881's ghost (novice MiBe)
  7670 | D:7      | Noticed Prince Ribbit
  7678 | D:7      | Killed Prince Ribbit
  7678 | D:7      | Reached skill level 4 in Long Blades
  7701 | D:7      | Found a shimmering altar of Xom.
  7785 | D:7      | Reached *** piety under Okawaru
  8026 | D:7      | Killed Ignatius881's ghost
  8026 | D:7      | Reached skill level 5 in Long Blades
  8026 | D:7      | Reached XP level 10. HP: 40/53 MP: 8/12
  8337 | D:8      | Noticed a two-headed ogre
  8620 | D:8      | Reached **** piety under Okawaru
  8620 | D:8      | Reached skill level 6 in Long Blades
  8693 | D:8      | Killed a two-headed ogre
  8737 | D:8      | Found Laitodd's Assorted Antiques.
  8742 | D:8      | Bought a fizzy puce potion for 23 gold pieces
  9377 | D:9      | Found a burning altar of Makhleb.
  9424 | D:9      | Found a staircase to the Lair.
  9635 | D:9      | Found Ahalofoesa's Book Emporium.
  9762 | D:9      | Reached skill level 7 in Long Blades
  9802 | D:9      | Found a hazy altar of Hepliaklqana.
 10152 | D:9      | Found a basalt altar of Yredelemnul.
 10271 | D:10     | Entered Level 10 of the Dungeon
 10584 | D:10     | Noticed a two-headed ogre
 10588 | D:10     | Killed a two-headed ogre
 10588 | D:10     | Reached skill level 8 in Long Blades
 10588 | D:10     | Reached XP level 11. HP: 60/60 MP: 13/13
 10595 | D:10     | Reached ***** piety under Okawaru
 11214 | Lair:1   | Entered Level 1 of the Lair of Beasts
 11214 | Lair:1   | Noticed Gastronok
 11234 | Lair:1   | Killed Gastronok
 11234 | Lair:1   | Reached skill level 9 in Long Blades
 11565 | Lair:1   | Noticed Erica
 11576 | Lair:1   | Killed Erica
 11576 | Lair:1   | Reached ****** piety under Okawaru
 11701 | Lair:1   | Received a gift from Okawaru
 11909 | Lair:1   | Noticed Harold
 11932 | Lair:1   | Killed Harold
 11932 | Lair:1   | Reached skill level 10 in Long Blades
 11932 | Lair:1   | Gained mutation: You heal very quickly. [Vine Stalker growth]
 11932 | Lair:1   | Reached XP level 12. HP: 59/66 MP: 14/14
 13213 | Lair:2   | Found a dark tunnel.
 13218 | Volcano  | Entered a volcano
 13323 | Volcano  | Noticed a centaur warrior
 13338 | Volcano  | Killed a centaur warrior
 13467 | Lair:2   | Reached skill level 11 in Long Blades
 13479 | Lair:2   | Noticed an eight-headed hydra
 13490 | Lair:2   | Killed a four-headed hydra
 14246 | Lair:3   | Found a staircase to the Shoals.
 14415 | Lair:3   | Received a gift from Okawaru
 14667 | Lair:3   | Reached skill level 10 in Fighting
 14743 | Lair:3   | Reached XP level 13. HP: 72/72 MP: 15/15
 15198 | Lair:4   | Reached skill level 12 in Long Blades
 15200 | Lair:4   | Found a staircase to the Snake Pit.
 16528 | Lair:5   | Reached skill level 1 in Invocations
 17223 | Lair:5   | Received a gift from Okawaru
 17581 | Lair:5   | Found a viscous altar of Jiyva.
 17582 | Lair:5   | Found a staircase to the Slime Pits.
 17876 | Lair:6   | Entered Level 6 of the Lair of Beasts
 17893 | Lair:6   | Found a labyrinth entrance.
 17938 | Lair:6   | Received a gift from Okawaru
 17938 | Lair:6   | Reached skill level 10 in Dodging
 17948 | Lair:6   | Reached skill level 13 in Long Blades
 17980 | Lair:6   | Reached XP level 14. HP: 39/77 MP: 18/18
 18081 | Lab      | Entered a labyrinth
 18805 | Lab      | Got a wavering ruby amulet
 18829 | Lab      | Identified the +3 dagger of Qypun {freeze, MR- Str+3 Dex+3} (You found it in a labyrinth)
 18830 | Lab      | Identified the amulet of Sunlight {MR- Regen+ Str+4 Int+4} (You took it off a minotaur in a labyrinth)
 19082 | Lair:6   | Reached skill level 5 in Invocations
 19789 | Lair:6   | Reached skill level 1 in Shields
 20226 | D:11     | Found a staircase to the Orcish Mines.
 20534 | D:11     | Found Ciatopas's General Store.
 20542 | D:11     | Bought a scroll of teleportation for 48 gold pieces
 21018 | D:11     | Received a gift from Okawaru
 21030 | D:11     | Got a pair of translucent boots {god gift}
 21247 | D:11     | Identified the +0 pair of boots of Jeaxog {rF+ Dex+4} (Okawaru gifted it to you on level 11 of the Dungeon)
 21258 | D:11     | Reached skill level 14 in Long Blades
 21357 | Orc:1    | Entered Level 1 of the Orcish Mines
 21378 | Orc:1    | Noticed a stone giant
 21577 | Orc:1    | Killed a stone giant
 22150 | Orc:2    | Entered Level 2 of the Orcish Mines
 22273 | Orc:1    | Learned a level 1 spell: Apportation
 22276 | Orc:1    | Learned a level 2 spell: Blink
 22279 | Orc:1    | Learned a level 2 spell: Shroud of Golubria
 22283 | Orc:1    | Learned a level 3 spell: Spectral Weapon
 22472 | Orc:2    | Found a staircase to the Elven Halls.
 22715 | Orc:1    | Reached XP level 15. HP: 82/83 MP: 20/20
 23571 | Orc:2    | Found a roughly hewn altar of Beogh.
 23689 | Orc:2    | Found a roughly hewn altar of Beogh.
 23828 | Orc:2    | Noticed an orc warlord
 23868 | Orc:2    | Killed an orc warlord
 24312 | Orc:2    | Received a gift from Okawaru
 24315 | Orc:2    | Got a bone rapier {god gift}
 24598 | Orc:2    | Found Laemuck's Antique Armour Emporium.
 24599 | Orc:2    | Found Uwko's Antique Weapon Emporium.
 24600 | Orc:2    | Found Tonnelly's General Store.
 24600 | Orc:2    | Found Zasmimau's Jewellery Shoppe.
 24616 | Orc:2    | Bought a fine cloak for 218 gold pieces
 24625 | Orc:2    | Bought the amulet of Greed {Faith rElec rF+ rN+ MR++} for 1030 gold pieces
 24793 | D:11     | Bought a scroll of identify for 32 gold pieces
 24793 | D:11     | Identified the +2 cloak "Nait" {Str+3 Slay+3} (You bought it in a shop on level 2 of the Orcish Mines)
 24795 | D:11     | Identified the +5 rapier of Equivalence {pierce, *Rage rPois rN+ Int+2} (Okawaru gifted it to you on level 2 of the Orcish Mines)
 24987 | D:12     | Found a flickering gateway to a bazaar.
 25012 | Bazaar   | Entered a bazaar
 25020 | Bazaar   | Found Poamotsa's Jewellery Shop.
 25035 | Bazaar   | Found Osew Seemp's Antique Armour Shop.
 25043 | Bazaar   | Bought a ripped robe for 74 gold pieces
 25043 | Bazaar   | Bought an encrusted buckler for 123 gold pieces
 25053 | Bazaar   | Identified the +1 robe of Knowledge {+Blink rC+} (You bought it in a shop in a bazaar)
 25064 | Bazaar   | Identified the cursed +0 buckler of Tosch {-Tele rElec rC++ rN+} (You bought it in a shop in a bazaar)
 25504 | D:12     | Got a bloodstained robe
 25625 | D:12     | Identified the +1 robe "Kuas Oza" {rPois Str+3} (You found it on level 12 of the Dungeon)
 26110 | D:13     | Found a frozen archway.
 26127 | D:13     | Reached skill level 1 in Charms
 26130 | IceCv    | Entered an ice cave
 26179 | IceCv    | Received a gift from Okawaru
 26826 | IceCv    | Noticed a frost giant
 26846 | IceCv    | Killed a frost giant
 26852 | IceCv    | Reached skill level 5 in Shields
 26903 | IceCv    | Found the +8 storm bow {elec}
 27211 | D:13     | Noticed a fire giant
 27231 | D:13     | Reached skill level 15 in Long Blades
 27237 | D:13     | Killed a fire giant
 27328 | D:13     | Found Kallig's Jewellery Boutique.
 27343 | D:13     | Reached XP level 16. HP: 73/88 MP: 20/22
 27356 | D:13     | Bought a +3 ring of slaying for 630 gold pieces
 27453 | D:13     | Received a gift from Okawaru
 28239 | D:14     | Noticed hilaritas's ghost (adept HaFi)
 28254 | D:14     | Killed hilaritas's ghost
 28402 | D:14     | Noticed Daviar's ghost (journeyman HaFi)
 28417 | D:14     | Reached skill level 5 in Hexes
 28433 | D:14     | Killed Daviar's ghost
 28433 | D:14     | Received a gift from Okawaru
 28443 | D:14     | Got a slimy triple sword {god gift}
 28456 | D:14     | Identified the +1 triple sword "Hored" {drain, Int+5 Dex+6} (Okawaru gifted it to you on level 14 of the Dungeon)
 28467 | D:14     | Found a gate to the Vaults.
 28863 | D:15     | Entered Level 15 of the Dungeon
 29349 | D:15     | Received a gift from Okawaru
 29717 | D:15     | Found a staircase to the Depths.
 29955 | Snake:1  | Entered Level 1 of the Snake Pit
 30113 | Snake:1  | Reached skill level 5 in Charms
 30127 | Snake:1  | Received a gift from Okawaru
 30185 | Snake:1  | Noticed Roxanne
 30792 | Snake:2  | Noticed BadBadger's ghost (adept GnWr)
 30811 | Snake:2  | Killed BadBadger's ghost
 30829 | Snake:2  | Reached skill level 16 in Long Blades
 30852 | Snake:2  | Noticed Azrael
 30867 | Snake:2  | Killed Azrael
 30867 | Snake:2  | Received a gift from Okawaru
 30867 | Snake:2  | Reached XP level 17. HP: 89/94 MP: 23/23
 30890 | Snake:2  | Identified a scroll of acquirement
 31556 | Snake:3  | Noticed Aizul
 31584 | Snake:3  | Killed Aizul
 31907 | Snake:3  | Received a gift from Okawaru
 33000 | Snake:4  | Entered Level 4 of the Snake Pit
 33325 | Snake:4  | Noticed Vashnia
 33369 | Snake:4  | Shot with an arrow by Vashnia

Skill      XL: |  1  2  3  4  5  6  7  8  9 10 11 12 13 14 15 16 17 |
---------------+----------------------------------------------------+-----
Fighting       | 1 2 3 4 5 6 7 9 10 11 12 13 | 13.2
Dodging        | 2 3 4 6 7 8 9 10 11 12 | 12.3
Short Blades   | 1 2 3 4 5 6 7 |  7.0
Long Blades    | 5 8 10 11 13 14 15 16 | 16.7
Invocations    | 4 6 7 |  7.1
Shields        | 2 5 |  5.1
Charms         | 2 5 7 |  7.0
Hexes          | 4 6 7 |  7.7
Crossbows      | |  1.7
Spellcasting   | |  1.1

Action                   |  1- 3 |  4- 6 |  7- 9 | 10-12 | 13-15 | 16-18 || total
-------------------------+-------+-------+-------+-------+-------+-------++-------
Melee: Spear             |    52 |   118 |       |       |       |       ||   170
       Bite              |    14 |    66 |   158 |   277 |   911 |   439 ||  1865
       Dagger            |       |   141 |    80 |       |       |       ||   221
       Rapier            |       |       |   224 |       |       |       ||   224
       Short sword       |       |       |    18 |       |       |       ||    18
       Long sword        |       |       |   119 |   512 |       |       ||   631
       Punch             |       |       |     1 |     7 |    10 |       ||    18
       Scimitar          |       |       |       |   102 |  1700 |    29 ||  1831
       Double sword      |       |       |       |       |       |   620 ||   620
 Fire: Hand crossbow     |    64 |    30 |    18 |       |       |       ||   112
Throw: Throwing net      |       |       |       |     1 |       |       ||     1
 Cast: Spectral Weapon   |       |       |       |       |       |     3 ||     3
       Shroud of Golubri |       |       |       |       |       |     1 ||     1
Invok: Heroism           |       |       |     6 |    19 |    20 |    15 ||    60
       Finesse           |       |       |       |       |     4 |     2 ||     6
Evoke: Wand              |       |       |       |     9 |     3 |     3 ||    15
  Use: Scroll            |     8 |     3 |     8 |     9 |    12 |     7 ||    47
       Potion            |     1 |       |     4 |     2 |     2 |     2 ||    11
 Stab: Sleeping          |     2 |     1 |       |     5 |     3 |     4 ||    15
       Distracted        |       |       |     1 |     1 |     3 |     5 ||    10
       Held in net/web   |       |       |       |     1 |       |       ||     1
  Eat: Chunk             |     1 |     9 |     8 |    16 |    36 |     8 ||    78
       Ration            |       |       |     3 |     2 |     2 |     4 ||    11
Armor: Robe              |    18 |       |       |       |    64 |    31 ||   113
       Leather armour    |       |    57 |    84 |    70 |    91 |       ||   302
Dodge: Dodged            |    35 |   199 |   290 |   446 |  1013 |   390 ||  2373
Block: Buckler           |       |       |       |       |   146 |   134 ||   280
       Rpst.: Long sword |       |       |    40 |   121 |       |       ||   161
       Scimitar          |       |       |       |    16 |   284 |    11 ||   311
       Double sword      |       |       |       |       |       |    83 ||    83
